[Event "Late-Titled-Tuesday-Blitz-September-26-2023"]
[Site "Chess.com"]
[Date "2023.09.26"]
[Round "2"]
[White "Jaka_Brilej"]
[Black "kleinebeer98"]
[Result "0-1"]
[WhiteElo "2515"]
[BlackElo "2796"]
[TimeControl "180+1"]
[EndTime "14:16:21 PDT"]
[Termination "kleinebeer98 won by checkmate"]

1. e4 e5 2. Nf3 Nc6 3. Bc4 Nf6 4. d3 h6 5. O-O d6 6. a4 g5 7. Nc3 g4 8. Nh4 Nxe4 9. dxe4 Qxh4 10. Nd5 Qd8 11.
Ne3 h5 12. c3 Be6 13. Bxe6 fxe6 14. Qb3 Qd7 15. Qxb7 Rb8 16. Qa6 Bh6 17. Qe2 O-O 18.
Nc4 Qg7 19. b4 Ne7 20. Bxh6 Qxh6 21. Qe3 Qxe3 22. fxe3 a6 23. Rxf8+ Kxf8 24. Rb1 Nc6 25. Kf2 d5 26. Nd2 d4 27. exd4 exd4 28. cxd4 Nxd4 29. Kg3 Kg7 30. Kh4 Kg6 31. Nc4 Rf8 32. Ne5+ Kh6 33.
Rc1 Rf2 34. Kg3 Rb2 35. Rxc7 Ne2+ 36. Kh4 Nf4 37. Kg3 Nxg2 38. Rc6 Kg5 39. Rxe6 h4# 0-1

[Event "Late-Titled-Tuesday-Blitz-September-26-2023"]
[Site "Chess.com"]
[Date "2023.09.26"]
[Round "2"]
[White "NotFischer"]
[Black "CheckThis4"]
[Result "0-1"]
[WhiteElo "2258"]
[BlackElo "2679"]
[TimeControl "180+1"]
[EndTime "14:16:25 PDT"]
[Termination "CheckThis4 won by resignation"]

1. e4 c5 2. Nf3 d6 3. d4 cxd4 4. Nxd4 Nf6 5. Nc3 g6 6. Be3 Bg7 7.
f3 Nc6 8. Nb3 O-O 9. Qd2 Be6 10.
O-O-O a5 11. Bb5 Ne5 12. Nd5 Bxd5 13. exd5 a4 14. Nd4 a3 15. b3 Nxd5 16. Bh6 Bxh6 17. Qxh6 Nc3 18. Bd3 Nxa2+ 19. Kb1 Nc3+ 20. Ka1 Nxd1 21.
Rxd1 Qa5 22. Ne2 Nxd3 23. Rxd3 Qe5+ 24. Nd4 a2 0-1

[Event "Late-Titled-Tuesday-Blitz-September-26-2023"]
[Site "Chess.com"]
[Date "2023.09.26"]
[Round "2"]
[White "AradNazari"]
[Black "JoseRemolar"]
[Result "1-0"]
[WhiteElo "2773"]
[BlackElo "2388"]
[TimeControl "180+1"]
[EndTime "14:16:30 PDT"]
[Termination "AradNazari won by resignation"]

1. e4 c5 2. Nf3 d6 3. Bb5+ Nd7 4.
d4 cxd4 5. Qxd4 e5 6. Qd3 h6 7. Bxd7+ Bxd7 8. O-O Nf6 9. c4 Qc7 10. Nc3 Rc8 11. b3 b5 12. Nxb5 Bxb5 13. cxb5 Qc2 14. Qxc2 Rxc2 15. Be3 Nxe4 16. Bxa7 Kd7 17. a4 Nc3 18. b6 Kc6 19. a5 Nb5 20. a6 Be7 21.
Rfc1 Rxc1+ 22. Rxc1+ Kd7 23. b4 f6 24. Nd2 d5 25. Nb3 Bxb4 26. Nc5+ Kd6 27. Nb7+ Ke6 28. Rb1 Nxa7 29. Rxb4 Rc8 30. g3 Rc1+ 31. Kg2 Nc6 32. Nd8+ Nxd8 33. b7 Nc6 34. a7 1-0

[Event "Late-Titled-Tuesday-Blitz-September-26-2023"]
[Site "Chess.com"]
[Date "2023.09.26"]
[Round "2"]
[White "jcibarra"]
[Black "Aariow"]
[Result "1-0"]
[WhiteElo "2941"]
[BlackElo "2591"]
[TimeControl "180+1"]
[EndTime "14:16:31 PDT"]
[Termination "jcibarra won by resignation"]

1. e4 c5 2. Nf3 Nc6 3. Nc3 g6 4.
d4 cxd4 5. Nxd4 Bg7 6. Be3 Nf6 7.
Bc4 O-O 8. Bb3 a5 9. O-O a4 10.
Nxa4 Nxe4 11. Nb5 d5 12. Bb6 Qd7 13. Qe2 Ne5 14. Rad1 e6 15. Bd4 Ra5 16. Nbc3 b5 17.
Nb6 Qc6 18. Nxc8 Rxc8 19. f3 b4 20. fxe4 bxc3 21. exd5 exd5 22. Bxc3 Rc5 23. Bd4 Ra5 24. Bxe5 Re8 25. Qd2 Rxe5 26. Qxa5 1-0

[Event "Late-Titled-Tuesday-Blitz-September-26-2023"]
[Site "Chess.com"]
[Date "2023.09.26"]
[Round "2"]
[White "BlueWizzard"]
[Black "Orest_Vovk"]
[Result "1-0"]
[WhiteElo "2885"]
[BlackElo "2563"]
[TimeControl "180+1"]
[EndTime "14:16:32 PDT"]
[Termination "BlueWizzard won by resignation"]

1. d4 h6 2. e4 g5 3. h4 g4 4. Nc3 Bg7 5. Qxg4 Bxd4 6. Bd2 Nf6 7. Qf3 d6 8. Nge2 Bb6 9. Na4 Bg4 10. Qd3 Nc6 11. f3 Ne5 12. Qc3 Bd7 13. b3 Bxa4 14.
bxa4 Qd7 15. Nd4 a6 16. a5 Bc5 17. Rb1 Qa4 18. Nb3 Ned7 19. Nxc5 Nxc5 20. Be3 Qxa2 21.
Ra1 Qe6 22. Bc4 Qd7 23. e5 Rg8 24. exf6 Rxg2 25. fxe7 Qxe7 26. Kf1 Rg8 27. Bxc5 O-O-O 28. Bf2 Qf6 29. Qxf6 1-0

[Event "Late-Titled-Tuesday-Blitz-September-26-2023"]
[Site "Chess.com"]
[Date "2023.09.26"]
[Round "2"]
[White "jjbolanos"]
[Black "Chessdude1987"]
[Result "0-1"]
[WhiteElo "2104"]
[BlackElo "2434"]
[TimeControl "180+1"]
[EndTime "14:16:35 PDT"]
[Termination "Chessdude1987 won by resignation"]

1. e4 e6 2. d4 d5 3. Bd3 c5 4. exd5 exd5 5. Nf3 Nf6 6. O-O Be7 7. dxc5 Bg4 8. h3 Bh5 9. Bb5+ Nc6 10. g4 Bg6 11. Ne5 O-O 12. Bxc6 bxc6 13. Nxc6 Qc7 14. Nxe7+ Qxe7 15. Be3 Rab8 16. b3 d4 17. Bxd4 Rfd8 18. Bxf6 Qxf6 19.
Nd2 Qf4 20. Nc4 Rxd1 21. Raxd1 h5 22. Ne3 hxg4 23. hxg4 Be4 24. Rd7 Qf3 25. Kh2 Qf4+ 26.
Kg1 Qh6 27. f3 Qxe3+ 28. Kg2 Bc6 29. Rxa7 Qxc5 0-1

[Event "Late-Titled-Tuesday-Blitz-September-26-2023"]
[Site "Chess.com"]
[Date "2023.09.26"]
[Round "2"]
[White "korason34"]
[Black "DanielNaroditsky"]
[Result "1/2-1/2"]
[WhiteElo "2655"]
[BlackElo "3132"]
[TimeControl "180+1"]
[EndTime "14:16:38 PDT"]
[Termination "Game drawn by repetition"]

1. e4 c5 2. Nf3 d6 3. d4 cxd4 4. Nxd4 Nf6 5. Nc3 a6 6. f3 e5 7. Nb3 Be6 8. Be3 Be7 9. Qd2 O-O 10. O-O-O a5 11. Bb5 Na6 12. g4 Nc7 13. g5 Nd7 14. a4 Nxb5 15. Nxb5 Nb6 16. Nxd6 Nxa4 17. Nf5 Bb4 18. Qxd8 Rfxd8 19. Rxd8+ Rxd8 20. h4 g6 21. Nh6+ Kg7 22. Ng4 Bxb3 23. cxb3 Nc5 24. Bxc5 Bxc5 25. Nxe5 Bd4 26. Nd3 h5 27. Kc2 Be3 28. Ra1 b6 29.
Rd1 Rc8+ 30. Kb1 Rd8 31. Kc2 Rc8+ 32. Kb1 Bd4 33. Re1 b5 34. e5 Rd8 35. Kc2 Rc8+ 36. Kb1 Rd8 37. Kc2 Rc8+ 38. Kb1 1/2-1/2

[Event "Late-Titled-Tuesday-Blitz-September-26-2023"]
[Site "Chess.com"]
[Date "2023.09.26"]
[Round "2"]
[White "Zaro1309"]
[Black "MergenKakabaev"]
[Result "1-0"]
[WhiteElo "2325"]
[BlackElo "2671"]
[TimeControl "180+1"]
[EndTime "14:16:40 PDT"]
[Termination "Zaro1309 won by resignation"]

1. d4 d5 2. Bf4 Nf6 3. e3 c5 4.
Nd2 Nc6 5. c3 Qb6 6. Qb3 c4 7. Qc2 g6 8. e4 e6 9. Ngf3 Bg7 10.
Be2 O-O 11. O-O Nh5 12. Bd6 Rd8 13. e5 f5 14. g3 Bf8 15. Bxf8 Rxf8 16. b3 cxb3 17.
axb3 Bd7 18. Qb2 Rfc8 19. c4 Nb4 20. c5 Qd8 21. Ra3 b6 22. Rfa1 bxc5 23. Rxa7 cxd4 24. Nxd4 Ng7 25. N2f3 Nc6 26. Nxc6 Bxc6 27. Nd4 Qb6 28. Nxc6 Qxc6 29. Bb5 Qxb5 30. Rxa8 Rxa8 31. Rxa8+ Kf7 32. Qa3 Ne8 33. Ra7+ Kg8 34. Qe7 1-0

[Event "Late-Titled-Tuesday-Blitz-September-26-2023"]
[Site "Chess.com"]
[Date "2023.09.26"]
[Round "2"]
[White "bazar-wokzal"]
[Black "bylavochka"]
[Result "1-0"]
[WhiteElo "2670"]
[BlackElo "2187"]
[TimeControl "180+1"]
[EndTime "14:16:40 PDT"]
[Termination "bazar-wokzal won by checkmate"]

1. e4 c5 2. c3 Nf6 3. e5 Nd5 4. d4 cxd4 5. cxd4 Nc6 6. Nc3 Nxc3 7. bxc3 d5 8. Bd3 Qc7 9. Bd2 Na5 10. f4 Nc4 11.
Bc1 e6 12. Nf3 Bd7 13. O-O g6 14. Kh1 Be7 15. Ng5 h6 16. Nf3 O-O-O 17. a4 g5 18.
Bxc4 Qxc4 19. fxg5 hxg5 20. Bxg5 Bxg5 21. Nxg5 Rdg8 22. Nxf7 Kb8 23. Nxh8 Rxh8 24. Rf7 Be8 25. Rf6 Qxc3 26. Rb1 Qg3 27. Qg1 Bg6 28. Rbf1 Be4 29. Rf8+ Kc7 30. Rxh8 Qg7 31. Rhf8 Kb6 32. R8f7 Qg5 33.
Qf2 Qg4 34. Qb2+ Kc6 35. Qb5# 1-0

[Event "Late-Titled-Tuesday-Blitz-September-26-2023"]
[Site "Chess.com"]
[Date "2023.09.26"]
[Round "2"]
[White "diamonds13"]
[Black "IM_Tissir"]
[Result "0-1"]
[WhiteElo "2310"]
[BlackElo "2504"]
[TimeControl "180+1"]
[EndTime "14:16:40 PDT"]
[Termination "IM_Tissir won by resignation"]

1. d4 Nf6 2. c4 g6 3. Nc3 Bg7 4.
e4 d6 5. Bd3 O-O 6. Nge2 c5 7. d5 e6 8. h3 exd5 9. exd5 Nbd7 10. f4 Nh5 11. O-O f5 12. Kh2 Ndf6 13. Ng1 Ng4+ 14. hxg4 Qh4+ 15. Nh3 fxg4 16. Qe1 g3+ 17. Kg1 Bd4+ 18. Be3 Bxh3 19. Bxd4 Bg4 20. Rf3 Bxf3 21. Qe6+ Rf7 22. gxf3 Qh2+ 23. Kf1 Nxf4 24. Bg1 Qg2+ 0-1

[Event "Late-Titled-Tuesday-Blitz-September-26-2023"]
[Site "Chess.com"]
[Date "2023.09.26"]
[Round "2"]
[White "slorovel"]
[Black "NowInChess"]
[Result "1-0"]
[WhiteElo "2472"]
[BlackElo "2248"]
[TimeControl "180+1"]
[EndTime "14:16:41 PDT"]
[Termination "slorovel won by checkmate"]

1. e4 e6 2. d4 d5 3. Nd2 h6 4.
Ngf3 Nf6 5. e5 Nfd7 6. Bd3 c5 7. c3 Nc6 8. O-O g5 9. h3 h5 10. dxc5 Nxc5 11. Nb3 Nxd3 12. Qxd3 g4 13. Bg5 Be7 14. Bxe7 Qxe7 15. Nfd4 Nxe5 16. Qb5+ Bd7 17. Qxb7 Rc8 18. Rfe1 Nc4 19. Nf5 Qf8 20. Qxd5 gxh3 21. Rad1 Rc7 22.
gxh3 Rg8+ 23. Kh2 Rg5 24. Nd6+ Qxd6+ 25. Qxd6 Nxd6 26. Rxd6 Bc6 27. Rg1 Rf5 28. Nd4 Rxf2+ 29. Kg3 Rxb2 30. Nxc6 Rb6 31. Rd8# 1-0

[Event "Late-Titled-Tuesday-Blitz-September-26-2023"]
[Site "Chess.com"]
[Date "2023.09.26"]
[Round "2"]
[White "sergiochess83"]
[Black "Maksimus1998"]
[Result "1-0"]
[WhiteElo "2893"]
[BlackElo "2571"]
[TimeControl "180+1"]
[EndTime "14:16:42 PDT"]
[Termination "sergiochess83 won by resignation"]

1. d4 Nf6 2. c4 e6 3. Nc3 Bb4 4. e3 c5 5. Ne2 cxd4 6. exd4 O-O 7. a3 Be7 8. d5 exd5 9. cxd5 Bc5 10. b4 Bd6 11. g3 Re8 12. Bg2 a5 13. bxa5 Qxa5 14. O-O Be5 15. Bd2 d6 16. h3 Bf5 17. f4 Bxc3 18.
Bxc3 Qd8 19. g4 Be4 20. Ng3 Bxg2 21. Kxg2 Ra4 22. Qxa4 1-0

[Event "Late-Titled-Tuesday-Blitz-September-26-2023"]
[Site "Chess.com"]
[Date "2023.09.26"]
[Round "2"]
[White "rychessmaster1"]
[Black "infinitegiantkiller"]
[Result "1-0"]
[WhiteElo "2723"]
[BlackElo "2444"]
[TimeControl "180+1"]
[EndTime "14:16:42 PDT"]
[Termination "rychessmaster1 won by resignation"]

1. d4 Nf6 2. c4 c5 3. d5 e6 4. Nc3 exd5 5. cxd5 d6 6. Nf3 g6 7. Bf4 Bg7 8. h3 O-O 9. e3 Ne8 10. Bd3 a6 11. a4 Nd7 12. O-O Qe7 13. Nd2 Ne5 14.
Bxe5 Bxe5 15. Nc4 Bg7 16. a5 Bd7 17. Qb3 Rb8 18. Rae1 Nc7 19. Nb6 Rfd8 20. e4 Bd4 21. Ne2 Nb5 22. Nxd7 Qxd7 23. Bxb5 Qxb5 24. Nxd4 cxd4 25.
Qxb5 axb5 26. Rd1 Rdc8 27. Rxd4 Rc2 28. Rb4 Re2 29. Rc1 Ra8 30. Rxb5 Rxe4 31. b4 Rd4 32. Rxb7 Rxd5 33. g4 Rd2 34. Rcc7 Rf8 35. a6 Ra2 36. a7 d5 37. Rb8 d4 38. Rxf8+ Kxf8 39. Rc8+ Kg7 40.
a8=R Rxa8 41. Rxa8 d3 42. Rd8 1-0

[Event "Late-Titled-Tuesday-Blitz-September-26-2023"]
[Site "Chess.com"]
[Date "2023.09.26"]
[Round "2"]
[White "platy3"]
[Black "Dacean99"]
[Result "1-0"]
[WhiteElo "2879"]
[BlackElo "2560"]
[TimeControl "180+1"]
[EndTime "14:16:47 PDT"]
[Termination "platy3 won by resignation"]

1. e4 d6 2. d4 Nf6 3. Nc3 g6 4. Nf3 Bg7 5. Be2 a6 6. O-O b5 7. e5 Nfd7 8. e6 fxe6 9. Ng5 Nb6 10. Bf3 c6 11. Re1 e5 12. dxe5 Bxe5 13. Rxe5 dxe5 14.
Qxd8+ Kxd8 15. Nf7+ Ke8 16. Nxh8 Kf8 17. Bg5 Bf5 18.
Rd1 N8d7 19. Bxc6 Rc8 20. Bxd7 Nxd7 21. Nd5 Rxc2 22. h4 Kg7 23. Nxe7 Be6 24. Rd6 Nf8 25. h5 gxh5 26. f4 exf4 27. Bxf4 Re2 28. Bd2 Kf6 29. Nc6 Nd7 30. Bc3+ Kf5 31. Nd4+ Ke5 32. Rxe6+ 1-0

[Event "Late-Titled-Tuesday-Blitz-September-26-2023"]
[Site "Chess.com"]
[Date "2023.09.26"]
[Round "2"]
[White "victormago"]
[Black "dzilleruelo"]
[Result "1-0"]
[WhiteElo "2510"]
[BlackElo "2318"]
[TimeControl "180+1"]
[EndTime "14:16:48 PDT"]
[Termination "victormago won by resignation"]

1. d4 d5 2. c4 e6 3. Nc3 a6 4.
cxd5 exd5 5. Nf3 Nf6 6. Bg5 Be6 7. e3 Nbd7 8. Bd3 h6 9. Bh4 g5 10. Bg3 Nh5 11. Be5 Nhf6 12. Rc1 c6 13. a3 Nxe5 14. Nxe5 Nd7 15. Nxd7 Qxd7 16. O-O Bd6 17. Na4 h5 18. Nc5 Qe7 19. b4 g4 20. e4 dxe4 21. Bxe4 O-O-O 22. Re1 Qc7 23. Nxb7 Bxh2+ 24. Kh1 Bd5 25. Bxd5 Rxd5 26. Na5 Rxa5 27. bxa5 Bf4 28. Rb1 h4 29. Qxg4+ Kd8 30. Qf5 h3 31. Qf6+ Kd7 32. Re7+ 1-0

[Event "Late-Titled-Tuesday-Blitz-September-26-2023"]
[Site "Chess.com"]
[Date "2023.09.26"]
[Round "2"]
[White "egnfanclub"]
[Black "FMVolodymyrSakun"]
[Result "1/2-1/2"]
[WhiteElo "2390"]
[BlackElo "2649"]
[TimeControl "180+1"]
[EndTime "14:16:49 PDT"]
[Termination "Game drawn by repetition"]

1. e4 e5 2. Nf3 Nc6 3. d4 exd4 4. Nxd4 Nf6 5. Nxc6 bxc6 6. e5 Qe7 7. Qe2 Nd5 8.
c4 Ba6 9. h4 f6 10. exf6 Qxe2+ 11. Bxe2 Nxf6 12. Rh3 O-O-O 13. Nc3 d5 14. cxd5 Bxe2 15.
Kxe2 cxd5 16. Bg5 c6 17. Rc1 Kd7 18. Rd3 Bd6 19. f3 Rhe8+ 20. Kf1 Rb8 21. b3 Nh5 22. Ne2 h6 23. Be3 a5 24. g4 Ng3+ 25. Nxg3 Bxg3 26. h5 Rxe3 27. Rxe3 Bf4 28. Rec3 Bxc1 29. Rxc1 Rb4 30. Ke2 a4 31. Rc3 axb3 32. Rxb3 Rxb3 33. axb3 c5 34. Kd3 Ke6 35. f4 Kd6 36. Ke3 Ke6 37. Kd3 Kd6 38.
Ke3 Ke6 39. Kd3 1/2-1/2

[Event "Late-Titled-Tuesday-Blitz-September-26-2023"]
[Site "Chess.com"]
[Date "2023.09.26"]
[Round "2"]
[White "WPWPWP-2015"]
[Black "RamyresCoelho"]
[Result "1-0"]
[WhiteElo "2490"]
[BlackElo "2290"]
[TimeControl "180+1"]
[EndTime "14:16:49 PDT"]
[Termination "WPWPWP-2015 won on time"]

1. e4 c5 2. Nf3 d6 3. d4 cxd4 4. Nxd4 Nf6 5. Nc3 a6 6. Bg5 e6 7.
f4 Qb6 8. Nb3 Be7 9. Bd3 O-O 10.
Qe2 h6 11. Bh4 Nc6 12. Bf2 Qc7 13. O-O-O b5 14. g4 b4 15. Nb1 Nd7 16. h4 a5 17.
g5 a4 18. gxh6 axb3 19. hxg7 Qa5 20. gxf8=Q+ Kxf8 21. axb3 Bf6 22. Bb5 Ncb8 23. Ba4 Nb6 24. e5 Nxa4 25. exf6 Nd7 26. Bd4 Nac5 27. Qg2 Ba6 28.
Qxa8+ 1-0

[Event "Late-Titled-Tuesday-Blitz-September-26-2023"]
[Site "Chess.com"]
[Date "2023.09.26"]
[Round "2"]
[White "greekplayer1"]
[Black "HackWithBlack"]
[Result "1-0"]
[WhiteElo "2706"]
[BlackElo "2376"]
[TimeControl "180+1"]
[EndTime "14:16:54 PDT"]
[Termination "greekplayer1 won by checkmate"]

1. c4 c6 2. Nc3 d5 3. cxd5 cxd5 4.
d4 Nf6 5. Bf4 Nc6 6. e3 a6 7.
Bd3 Bg4 8. Nge2 Qb6 9. h3 Bxe2 10. Qxe2 e6 11. O-O Nb4 12. Bb1 Bd6 13. Bg5 Be7 14.
a3 Nc6 15. Bd3 h6 16. Bh4 Nd7 17. Bxe7 Nxe7 18. Rad1 O-O 19. Nb1 Rfc8 20. Nc3 Nf6 21. f4 Rc7 22. f5 exf5 23. Bxf5 Nxf5 24. Rxf5 Qe6 25. Rdf1 Re8 26. R1f4 Qxe3+ 27. Qxe3 Rxe3 28. Nxd5 Nxd5 29. Rxd5 Re2 30. Rd8+ Kh7 31. d5 Rcc2 32. Rg4 Red2 33. Rd7 h5 34. Rg3 Kg8 35. Rd8+ Kh7 36. Rf8 Rxb2 37. Rxf7 Rxd5 38. Rfxg7+ Kh8 39. R7g6 Kh7 40. Rg8 Rd3 41. R3g7+ Kh6 42. Kh2 Rxa3 43. Rg5 Rd3 44.
h4 Rbd2 45. Rh8# 1-0

[Event "Late-Titled-Tuesday-Blitz-September-26-2023"]
[Site "Chess.com"]
[Date "2023.09.26"]
[Round "2"]
[White "biostatistician"]
[Black "SpeedofLight0"]
[Result "0-1"]
[WhiteElo "2625"]
[BlackElo "3051"]
[TimeControl "180+1"]
[EndTime "14:16:57 PDT"]
[Termination "SpeedofLight0 won on time"]

1. d4 Nf6 2. Nf3 e6 3. c4 Bb4+ 4.
Nbd2 d5 5. a3 Be7 6. Qc2 O-O 7.
e4 dxe4 8. Nxe4 Nbd7 9. Bd3 b6 10.
O-O Bb7 11. Re1 c5 12. Be3 Ng4 13. Rad1 Nxe3 14. fxe3 f5 15. Nc3 Bxf3 16. gxf3 Bd6 17. Kh1 Qh4 18. d5 Ne5 19. f4 Ng4 20. Re2 e5 21. Bxf5 exf4 22. Bxg4 Qxg4 23. Rg2 Qh5 24. Rdg1 f3 25. Rxg7+ Kh8 26. Qf2 Rae8 27. R1g5 Qh6 28. e4 Be5 0-1

[Event "Late-Titled-Tuesday-Blitz-September-26-2023"]
[Site "Chess.com"]
[Date "2023.09.26"]
[Round "2"]
[White "tdf98pantani"]
[Black "laskakid"]
[Result "1-0"]
[WhiteElo "2693"]
[BlackElo "2325"]
[TimeControl "180+1"]
[EndTime "14:16:57 PDT"]
[Termination "tdf98pantani won on time"]

1. d4 Nf6 2. c4 g6 3. Nc3 Bg7 4. e4 d6 5. Be2 O-O 6. Nf3 e5 7. O-O Nc6 8. d5 Ne7 9. Ne1 Nd7 10. Nd3 f5 11. Bd2 Nf6 12. f3 f4 13. c5 g5 14.
Rc1 Ng6 15. cxd6 cxd6 16. Nb5 Rf7 17. a4 g4 18. fxg4 Nxe4 19. Bf3 Ng5 20. Nf2 Qb6 21.
Kh1 Nh4 22. Be4 f3 23. g3 Nxe4 24. Nxe4 Ng2 25. Nbxd6 Ne3 26. Bxe3 Qxe3 27. Nxf7 Bxg4 28. Nfd6 Rf8 29. Rc3 Qb6 30. Rb3 Qa6 31. Rxb7 f2 32. Rxg7+ Kh8 33. Rxg4 1-0

[Event "Late-Titled-Tuesday-Blitz-September-26-2023"]
[Site "Chess.com"]
[Date "2023.09.26"]
[Round "2"]
[White "The_Straightforward_Rook"]
[Black "Nor1lsk"]
[Result "1-0"]
[WhiteElo "2526"]
[BlackElo "2749"]
[TimeControl "180+1"]
[EndTime "14:16:58 PDT"]
[Termination "The_Straightforward_Rook won by resignation"]

1. d4 g6 2. e4 Bg7 3. Nf3 c6 4. Bd3 d5 5. e5 Bg4 6. Nbd2 e6 7.
c3 Nd7 8. Nf1 Ne7 9. Ne3 Bxf3 10. Qxf3 c5 11. h4 h5 12. Bd2 Nc6 13. Qf4 cxd4 14. cxd4 Bh6 15. Qg3 Nxd4 16. Bb4 Qb6 17. a3 a5 18. Bd6 Qxb2 19. O-O Ne2+ 20. Bxe2 Qxe2 21. Rfe1 Qd3 22. Red1 Qe4 23. Rab1 b6 24. Rbc1 Qf4 25. Qh3 Nxe5 26. Nxd5 Qxc1 27. Rxc1 Bxc1 28. Nc7+ Kd7 29. Bxe5 Rhc8 30. Qd3+ Kc6 31. Nxa8 Kb7 32. Nc7 Bxa3 33. Qxa3 1-0

[Event "Late-Titled-Tuesday-Blitz-September-26-2023"]
[Site "Chess.com"]
[Date "2023.09.26"]
[Round "2"]
[White "KorolDimitriy75"]
[Black "Firouzja2003"]
[Result "0-1"]
[WhiteElo "2403"]
[BlackElo "3084"]
[TimeControl "180+1"]
[EndTime "14:16:58 PDT"]
[Termination "Firouzja2003 won on time"]

1. d4 Nf6 2. c4 g6 3. Nc3 Bg7 4. e4 d6 5. Nf3 O-O 6. Be2 e5 7. dxe5 dxe5 8. Qxd8 Rxd8 9. Bg5 c6 10. Nxe5 Re8 11.
O-O-O Na6 12. Rd6 Be6 13. f4 Nc5 14. Bf3 h6 15. Bh4 g5 16. Bf2 Na6 17. g3 Bf8 18. Rd2 Bc5 19. Bxc5 Nxc5 20. b4 Na6 21. a3 Nc7 22.
Kb2 a5 23. b5 cxb5 24. cxb5 Rac8 25. Rd6 Kg7 26. h4 g4 27. Bg2 Re7 28. Rhd1 Na8 29. Rd8 Rxd8 30. Rxd8 Nb6 31. Rd6 Nfd7 32. Bf1 Nxe5 33.
fxe5 Nd7 34. Na4 Nxe5 35. Nc5 Bc4 36. Bg2 Bxb5 37. a4 Nc4+ 38. Kc3 Nxd6 39. axb5 Nxb5+ 40. Kc4 Nd6+ 41. Kd5 Ne8 42. e5 b6 43. Ne4 Rd7+ 44.
Kc6 Rd3 45. Nd6 Kf8 46. Be4 Rxg3 0-1

[Event "Late-Titled-Tuesday-Blitz-September-26-2023"]
[Site "Chess.com"]
[Date "2023.09.26"]
[Round "2"]
[White "filipluczak05"]
[Black "Zampronha1971"]
[Result "1-0"]
[WhiteElo "2683"]
[BlackElo "2275"]
[TimeControl "180+1"]
[EndTime "14:17:00 PDT"]
[Termination "filipluczak05 won by checkmate"]

1. b3 e5 2. Bb2 Nc6 3. e3 d5 4. Bb5 Bd6 5. f4 Qh4+ 6. g3 Qe7 7. Nf3 f6 8. Nc3 Be6 9. O-O Nh6 10. fxe5 fxe5 11.
d4 e4 12. Ne5 Bxe5 13. dxe5 O-O-O 14. Bxc6 bxc6 15. Qd4 Kb8 16. a4 c5 17. Qd2 Qd7 18.
Ba3 Qc6 19. Ne2 Ng4 20. b4 Nxe5 21. bxc5 Nf3+ 22. Rxf3 exf3 23. Nd4 Qa6 24. c6 Bc8 25. Rb1+ Ka8 26. Qb4 Bh3 27. Qb7+ Qxb7 28. cxb7+ Kb8 29. Nc6# 1-0

[Event "Late-Titled-Tuesday-Blitz-September-26-2023"]
[Site "Chess.com"]
[Date "2023.09.26"]
[Round "2"]
[White "GMBenjaminBok"]
[Black "schack_vit"]
[Result "1-0"]
[WhiteElo "2960"]
[BlackElo "2456"]
[TimeControl "180+1"]
[EndTime "14:17:00 PDT"]
[Termination "GMBenjaminBok won by resignation"]

1. d4 d5 2. c4 c6 3. cxd5 cxd5 4. Nf3 Nf6 5. Nc3 Nc6 6. Bf4 Bf5 7. e3 e6 8. Qb3 Qb6 9. Qxb6 axb6 10. Nh4 Bg6 11.
Rc1 Bb4 12. a3 Be7 13. Bb5 O-O 14. Nxg6 hxg6 15. Ke2 Rfc8 16. Na4 Bd8 17. h4 Ra5 18. Nc3 Raa8 19. Bd3 Na5 20. Nb5 Nc4 21. Rc2 Be7 22.
Rhc1 Rc6 23. Bxc4 dxc4 24. Rxc4 Rxc4 25. Rxc4 Nd5 26. Bg3 Kf8 27. e4 Nf6 28. f3 Bd8 29. Nd6 1-0

[Event "Late-Titled-Tuesday-Blitz-September-26-2023"]
[Site "Chess.com"]
[Date "2023.09.26"]
[Round "2"]
[White "aNaartjieZA"]
[Black "nitpicker"]
[Result "1-0"]
[WhiteElo "2597"]
[BlackElo "2247"]
[TimeControl "180+1"]
[EndTime "14:17:00 PDT"]
[Termination "aNaartjieZA won on time"]

1. e4 c5 2. Nf3 d6 3. g3 Nc6 4.
Bg2 g6 5. O-O Bg7 6. c3 e5 7. d3 Nge7 8. a3 O-O 9. b4 cxb4 10. axb4 b5 11. Nbd2 h6 12. Nb3 f5 13.
exf5 gxf5 14. Nh4 Be6 15. Na5 Rc8 16. Bd2 d5 17. Nb7 Qc7 18. Nc5 Bf7 19. Bh3 a5 20. Nxf5 Nxf5 21. Bxf5 Rce8 22. Qg4 Kh8 23. Qh3 Qd6 24.
Nb7 Qf6 25. Nxa5 Ne7 26. Bg4 Ng6 27. Bxh6 Kg8 28. Bd2 Be6 29. Nb7 Bxg4 30. Qxg4 Qf7 31. Nd6 Qe6 32. Qxe6+ Rxe6 33. Nxb5 Rc6 34. Ra7 d4 35. c4 e4 36. dxe4 Ne5 37. Nxd4 Rd6 38. Be3 Rxd4 39. Bxd4 Nf3+ 40. Kg2 Bxd4 41. Rd7 Be5 42. c5 Ng5 43. f4 1-0

[Event "Late-Titled-Tuesday-Blitz-September-26-2023"]
[Site "Chess.com"]
[Date "2023.09.26"]
[Round "2"]
[White "realmadridfc123"]
[Black "Chessdemon2019"]
[Result "1-0"]
[WhiteElo "2781"]
[BlackElo "2388"]
[TimeControl "180+1"]
[EndTime "14:17:00 PDT"]
[Termination "realmadridfc123 won by checkmate"]

1. d4 e6 2. Nf3 b6 3. Bf4 Bb7 4. c4 Nf6 5. Nc3 Bb4 6. e3 O-O 7. Bd3 Bxc3+ 8. bxc3 d6 9. O-O Nbd7 10. Nd2 e5 11. Bg5 h6 12. Bh4 Qe8 13. e4 Qe6 14. Re1 Qg4 15. Qxg4 Nxg4 16. a4 a5 17. f3 Ngf6 18.
Nb1 Nh5 19. Na3 Nf4 20. Bf1 Rac8 21. Nb5 Rfe8 22. Rab1 Ba6 23. Bf2 Kf8 24. g3 Ng6 25. Bh3 Ke7 26. Na7 Bb7 27. Nxc8+ Bxc8 28. c5 bxc5 29.
dxc5 Nxc5 30. Bxc8 Rxc8 31. Bxc5 dxc5 32. Red1 Nf8 33.
Rb5 Nd7 34. Rxa5 f6 35. Ra7 Nb6 36. a5 Nc4 37. Rd5 Nd6 38. Rxc5 Kd7 39. a6 g6 40. Kf2 h5 41. Ke3 g5 42. f4 exf4+ 43. gxf4 gxf4+ 44. Kxf4 Ne8 45. Rb7 Ra8 46. a7 Nd6 47. Rcxc7+ Ke6 48.
Re7# 1-0

[Event "Late-Titled-Tuesday-Blitz-September-26-2023"]
[Site "Chess.com"]
[Date "2023.09.26"]
[Round "2"]
[White "Ermito2020"]
[Black "Oleksandr_Bortnyk"]
[Result "0-1"]
[WhiteElo "2617"]
[BlackElo "3009"]
[TimeControl "180+1"]
[EndTime "14:17:01 PDT"]
[Termination "Oleksandr_Bortnyk won by checkmate"]

1. e4 Nf6 2. e5 Nd5 3. d4 d6 4.
c4 Nb6 5. f4 dxe5 6. fxe5 Bf5 7. Nc3 e6 8. Nf3 Bb4 9. Bd3 c5 10. Bxf5 cxd4 11. Bg5 Qd7 12. Qxd4 exf5 13. O-O-O Qxd4 14. Rxd4 Nc6 15. Rf4 Bxc3 16. bxc3 h6 17. Bh4 g5 18.
Nxg5 hxg5 19. Bxg5 Kf8 20. Rxf5 Re8 21. Rhf1 Rh7 22.
c5 Nd7 23. h4 Nxc5 24. Be3 Nd3+ 25. Kc2 Ndxe5 26. g3 Kg8 27. Bc5 Rg7 28. Re1 Re6 29.
Bxa7 Rxg3 30. Bf2 Rg2 31. Kb3 Nd3 32. Rf1 Re2 33. Bd4 Rxa2 34. Rxf7 Na5# 0-1

[Event "Late-Titled-Tuesday-Blitz-September-26-2023"]
[Site "Chess.com"]
[Date "2023.09.26"]
[Round "2"]
[White "Byniolus"]
[Black "DvaHrasta"]
[Result "1-0"]
[WhiteElo "2778"]
[BlackElo "2513"]
[TimeControl "180+1"]
[EndTime "14:17:02 PDT"]
[Termination "Byniolus won by checkmate"]

1. d4 Nf6 2. Nf3 e6 3. Bf4 d5 4. e3 Bd6 5. Bg3 O-O 6. Nbd2 b6 7. Ne5 Bxe5 8. dxe5 Nfd7 9. f4 c5 10. e4 Nc6 11. exd5 exd5 12. Nf3 Bb7 13. Qxd5 Nd4 14. Qxb7 Nxc2+ 15. Kf2 Nxa1 16. Bd3 Nf6 17. Rd1 Ng4+ 18. Ke2 Qe8 19. Rxa1 Rd8 20. Qe4 f5 21. Qc4+ Kh8 22. h3 Nh6 23. Rd1 Nf7 24. Kf2 h6 25. Qc2 g6 26.
Bh4 Rd5 27. Bf6+ Kg8 28. Bc4 Rxd1 29. Qxd1 b5 30. Bd5 Kh7 31. g4 fxg4 32. hxg4 Nd8 33. Ng5+ hxg5 34. Qh1# 1-0